 Dungeon Crawl Stone Soup version 0.16.1-11-g651b585 (webtiles) character file.

170 maniek23 the Insei (level 5, -1/26 HPs)
             Began as a Vine Stalker Transmuter on Apr 3, 2015.
             Slain by Purgy (4 damage)
             ... in a sewer.
             The game lasted 00:09:06 (2064 turns).

maniek23 the Insei (Vine Stalker Transmuter)        Turns: 2064, Time: 00:09:06

Health: -1/26      AC:  4    Str: 12    XL:     5   Next: 51%
Magic:  0/11       EV: 13    Int: 14    God:
Gold:   88         SH:  0    Dex: 15    Spells: 2 memorised, 6 levels left

rFire  . . .     SeeInvis .       - Unarmed
rCold  . . .     Clarity  .     c - +0 robe
rNeg   . . .     SustAb   .     (no shield)
rPois  .         Gourm    .     A - +0 helmet
rElec  .         Spirit   +     z - +0 cloak
rCorr  .         Warding  .     (no gloves)
rMut   .         Stasis   .     (no boots)
MR     .....                    g - amulet of regeneration
Stlth  +.........               (no ring)
                                (no ring)

@: drained, not resistant to hostile enchantments, very unstealthy
A: fangs 2, regeneration 1, magic shield, antimagic bite, no device heal 3, rot
immunity
a: no special abilities


You were in a sewer.
You were hungry.

You visited 1 branch of the dungeon, and saw 3 of its levels.
You also visited: Sewer.

You collected 88 gold pieces.

Inventory:

Hand weapons
 t - a +2 scythe of venom
 w - a +0 dagger
 y - a +3 quarterstaff of chaos
Missiles
 b - 7 arrows
Armour
 c - a +0 robe (worn)
 s - a +0 storm dragon armour
 z - a +0 cloak (worn)
 A - a +0 helmet (worn)
Jewellery
 g - an amulet of regeneration (around neck)
 C - an uncursed amulet of stasis {unknown}
 D - an uncursed amulet of rage {unknown}
Magical devices
 r - a wand of fireball (5)
 x - a wand of confusion (35)
Scrolls
 f - a scroll of recharging
 i - a scroll of immolation {unknown}
 l - 2 scrolls of fog {unknown}
 m - 4 scrolls of teleportation {unknown}
 q - 2 scrolls of identify {unknown}
Potions
 e - a potion of lignification {unknown}
 k - a potion of invisibility {unknown}
 n - a potion of heal wounds {unknown}
 p - a potion of beneficial mutation {unknown}
 u - 2 potions of agility {unknown}
 B - a potion of haste {unknown}
Books
 d - a book of Changes

   Spells                             Type                      Level
   a - Beastly Appendage              Transmutation                1
   b - Sticks to Snakes               Transmutation                2
   c - Spider Form                    Transmutation/Poison         3
   d - Ice Form                       Ice/Transmutation            4
   e - Blade Hands                    Transmutation                5
Comestibles
 a - a bread ration
 j - a meat ration
 o - 8 chunks of flesh


   Skills:
 + Level 1.6 Fighting
 + Level 0.7 Armour
 + Level 2.3 Dodging
 + Level 0.6 Stealth
 + Level 4.2(4.1) Unarmed Combat
 + Level 2.6 Spellcasting
 + Level 3.0(2.9) Transmutations


You had 6 spell levels left.
You knew the following spells:

 Your Spells              Type           Power        Failure   Level  Hunger
a - Beastly Appendage     Trmt           ##....       10%         1    #......
b - Sticks to Snakes      Trmt           ##........   12%         2    ###....


Dungeon Overview and Level Annotations

Branches:
Dungeon (3/15)

Altars:
Zin

Annotations:
Sewer Purgy


Innate Abilities, Weirdness & Mutations

You have extremely sharp teeth.
Your natural rate of healing is unusually fast.
When hurt, damage is shared between your health and your magic reserves.
Your bite disrupts and absorbs the magic of your enemies.
Potions and wands cannot restore your health.
You are immune to rotting.


Message History

Your unstable footing causes you to fumble your attack.
Purgy misses you. Purgy claws you.
* * * LOW HITPOINT WARNING * * *
Purgy claws you but does no damage.
You hit Purgy.
Purgy is almost dead.
Purgy barely misses you. Purgy closely misses you. Purgy misses you.
You barely miss Purgy.
Purgy is almost dead.
Purgy bites you.
* * * LOW HITPOINT WARNING * * *
Purgy closely misses you. Purgy claws you.
* * * LOW HITPOINT WARNING * * *
You enter the shallow water.
Moving in this stuff is going to be slow.
Purgy bites you but does no damage. Purgy closely misses you.
Purgy claws you but does no damage.
Your unstable footing causes you to fumble your attack.
Purgy bites you.
You die...

≈≈≈≈≈≈≈≈≈≈≈≈≈≈≈≈≈≈≈##
≈≈≈≈≈≈≈≈.#.≈≈≈≈≈≈≈≈≈≈#
≈..≈≈≈.#.##..≈≈≈≈≈≈≈≈≈
≈.#.∩[#######≈≈≈≈≈≈≈≈≈#
##.## #..≈≈≈≈≈≈≈≈## ##
#.≈.≈≈≈≈≈≈≈≈≈
###.≈≈≈≈≈≈≈≈#
##≈≈≈≈≈≈≈## ##@≈≈≈≈≈≈#
#.T≈≈≈≈≈≈# ##≈≈≈≈≈≈≈#
#≈≈≈≈≈≈≈≈# .≈≈≈≈≈≈≈#
.≈≈≈≈≈≈≈≈# #.≈≈≈≈≈≈≈≈#
..≈≈≈≈≈≈≈# #≈≈≈≈≈≈≈≈≈


You could see Purgy.

Vanquished Creatures
  Crazy Yiuf (D:3)
  Jessica (D:3)
  Robin (D:3)
  4 adders
  A worm (D:2)
  2 giant geckos
  2 oozes (D:2)
  An orc (D:3)
  8 giant cockroaches
  19 goblins
  6 hobgoblins
  6 kobolds
  3 bats
  6 giant newts
  8 rats
69 creatures vanquished.

Notes
Turn   | Place    | Note
--------------------------------------------------------------
     0 | D:1      | maniek23, the Vine Stalker Transmuter, began the quest for the Orb.
     0 | D:1      | Reached XP level 1. HP: 9/9 MP: 3/3
   138 | D:1      | Reached skill level 1 in Fighting
   314 | D:1      | Reached XP level 2. HP: 14/14 MP: 5/5
   851 | D:2      | Reached XP level 3. HP: 18/18 MP: 7/7
   905 | D:2      | Found a glowing silver altar of Zin.
  1086 | D:2      | Learned a level 2 spell: Sticks to Snakes
  1651 | D:3      | Reached XP level 4. HP: 22/22 MP: 7/9
  1713 | D:3      | Noticed Crazy Yiuf
  1723 | D:3      | Killed Crazy Yiuf
  1748 | D:3      | Noticed Jessica
  1752 | D:3      | Killed Jessica
  1777 | D:3      | Noticed Robin
  1785 | D:3      | Reached XP level 5. HP: 23/26 MP: 11/11
  1801 | D:3      | Reached skill level 4 in Unarmed Combat
  1829 | D:3      | Killed Robin
  1989 | D:3      | Found a glowing drain.
  1993 | Sewer    | Entered a sewer
  2031 | Sewer    | Noticed Purgy
  2061 | Sewer    | HP: 1/26 [Purgy (3)]
  2064 | Sewer    | Slain by Purgy

Action                   |  1- 3 |  4- 6 || total
-------------------------+-------+-------++-------
Melee: Unarmed           |   113 |   121 ||   234
 Cast: Beastly Appendage |     8 |     9 ||    17
       Sticks to Snakes  |       |     5 ||     5
  Use: Scroll            |       |     2 ||     2
 Stab: Sleeping          |       |     1 ||     1
  Eat: Bread ration      |     1 |       ||     1
